 Dungeon Crawl Stone Soup version 0.28-a0-1629-gf728b707aa (webtiles) character file.

Game seed: 2018944865475800554

1311 HallandMoats the Vandal (level 8, 0/67 HPs)
             Began as a Ghoul Hunter on Jan 24, 2022.
             Was a Priest of Dithmenos.
             Slain by a gargoyle (5 damage)
             ... on level 7 of the Dungeon.
             The game lasted 00:06:48 (5172 turns).

HallandMoats the Vandal (Ghoul Hunter)              Turns: 5172, Time: 00:06:48

Health: 0/67       AC: 11    Str: 16    XL:     8   Next: 58%
Magic:  0/10       EV: 14    Int:  6    God:    Dithmenos [***...]
Gold:   271        SH:  0    Dex: 11    Spells: 7/7 levels left

rFire   . . .      SeeInvis .   b - +0 spear (venom)
rCold   + . .      Faith    .   (no shield)
rNeg    + + +      Spirit   +   v - +0 scale mail
rPois   ∞          Reflect  .   f - +0 helmet
rElec   .          Harm     .   t - +0 cloak
rCorr   .          Rampage  .   o - +1 pair of gloves
Will    .....                   (no boots)
Stlth   ..........              k - amulet of guardian spirit
HPRegen 0.00/turn               h - +4 ring of evasion
MPRegen 0.12/turn               (no ring)

@: inhibited regen, wreathed by umbra, invisible
A: claws 1, cold resistance 1, negative energy resistance 3, inhibited
regeneration, torment resistance 2
a: Renounce Religion, Shadow Step


You were on level 7 of the Dungeon.
You worshipped Dithmenos.
Dithmenos was most pleased with you.
You visited 1 branch of the dungeon, and saw 7 of its levels.

You collected 271 gold pieces.

Inventory:

Hand Weapons
 a - a +1 hunting sling
 b - a +0 spear of venom (weapon)
Missiles
 g - 143 stones (quivered)
Armour
 f - a +0 helmet (worn)
 o - a +1 pair of gloves (worn)
 t - a +0 cloak (worn)
 v - a +0 scale mail (worn)
Jewellery
 h - a +4 ring of evasion (left hand)
 k - an amulet of guardian spirit (around neck)
 y - a ring of wizardry
Scrolls
 e - 3 scrolls of fog
 i - a scroll of torment
 n - a scroll of holy word {unknown}
 q - a scroll of magic mapping {unknown}
 s - a scroll of enchant armour {unknown}
 w - a scroll of amnesia {unknown}
 x - a scroll of vulnerability {unknown}
 B - 2 scrolls of identify {unknown}
Potions
 c - a potion of heal wounds {unknown}
 j - a potion of flight {unknown}
 l - 2 potions of curing
 m - a potion of lignification {unknown}
 p - 2 potions of invisibility
 r - a potion of ambrosia
 u - 2 potions of haste {unknown}
 z - a potion of degeneration {unknown}
 A - a potion of mutation {unknown}
 C - a potion of resistance {unknown}


   Skills:
 + Level 4.8 Fighting
 * Level 6.3 Slings
 + Level 3.4 Armour
 + Level 4.0 Dodging
 - Level 1.1 Stealth
 * Level 4.9 Invocations


You had 7 spell levels left.
You didn't know any spells.
Your spell library contained the following spells:

 Spells                   Type           Power      Damage    Failure   Level
 Magic Dart               Conj           0%         1d3       86%         1
 Sting                    Tmut/Pois      0%         1d3       86%         1
 Call Imp                 Summ           0%         N/A       95%         2
 Corpse Rot               Necr/Air       0%         N/A       95%         2
 Poisonous Vapours        Pois/Air       0%         N/A       95%         2
 Ignite Poison            Fire/Tmut/Pois 0%         N/A       99%         3
 Mephitic Cloud           Conj/Pois/Air  0%         N/A       99%         3
 Animate Dead             Necr           0%         N/A       100%        4
 Dispel Undead            Necr           0%         3d6       100%        4
 Olgreb's Toxic Radiance  Pois           0%         N/A       100%        4
 Alistair's Intoxication  Tmut/Pois      0%         N/A       100%        5
 Borgnjor's Vile Clutch   Necr/Erth      0%         N/A       100%        5
 Freezing Cloud           Conj/Ice/Air   0%         6-21      100%        5
 Death Channel            Necr           0%         N/A       100%        6
 Eringya's Noxious Bog    Tmut/Pois      0%         N/A       100%        6
 Haunt                    Necr/Summ      0%         N/A       100%        7
 Infestation              Necr           0%         N/A       100%        8


Dungeon Overview and Level Annotations

Branches:
Dungeon (7/15)             Temple (0/1) D:5

Altars:
Cheibriados
Dithmenos
Fedhas
Okawaru
Qazlal
Uskayaw

Shops:
D:7 :

Annotations:
D:6 3 runed translucent doors, backslashecho's ghost, novice HOFi


Innate Abilities, Weirdness & Mutations

You thrive by killing the living.
You are immune to poison.
You have sharp fingernails.
Your flesh is cold resistant. (rC+)
You are immune to negative energy. (rN+++)
You do not regenerate when monsters are visible.
You are immune to unholy pain and torment.


Message History

Reach: b) +0 spear (venom)
Press: ? - help, Dir - move target
Okay, then.
The gargoyle hurls a stone arrow at you.
The stone arrow misses you.
You see here a bullfrog corpse.
The gargoyle hits you but does no damage.
You completely miss the gargoyle.
The gargoyle is moderately damaged.
The gargoyle hits you with a +0 mace!
You completely miss the gargoyle.
The gargoyle is moderately damaged.
The gargoyle hits you but does no damage.
You closely miss the gargoyle.
The gargoyle is moderately damaged.
The gargoyle barely misses you. The gargoyle misses you.
You catch the helpless gargoyle completely off-guard!
You hit the gargoyle but do no damage.
The gargoyle is moderately damaged.
The gargoyle closely misses you.
You hit the gargoyle.
The gargoyle is moderately damaged.
The gargoyle closely misses you.
You catch the helpless gargoyle completely off-guard!
You hit the gargoyle. Your punch misses the gargoyle.
The gargoyle is heavily damaged.
The gargoyle closely misses you.
You hit the gargoyle but do no damage.
The gargoyle is heavily damaged.
The gargoyle hurls a stone arrow at you.
The stone arrow hits you!!
* * * LOW HITPOINT WARNING * * *
You hit the gargoyle but do no damage.
The gargoyle is heavily damaged.
The gargoyle hits you with a +0 mace!
* * * LOW HITPOINT WARNING * * *
You hit the gargoyle but do no damage.
The gargoyle is heavily damaged.
The gargoyle hits you with a +0 mace.
You die...

.....########.........
.....# #......... .
###### #........... #
##.##+#.... #
########..#.##.#+# .
.................#
#########((.####.#
.......†(# ######
.......@.# .....+
<...(.(9..# .#######
####'###### ........
... .#.#.#.# #.#(# .#
.. # ..
÷################### #
#........##........##.
#........##...........


You could see a gargoyle.

Vanquished Creatures
  A necrophage (D:7)
  2 ogres
  2 scorpions
  A howler monkey (D:7)
  A centaur zombie (D:6)
  2 jellies
  3 orc priests
  A hound (D:5)
  2 bullfrog skeletons (D:6)
  A centaur skeleton (D:5)
  3 iguanas
  3 orc wizards
  A hound skeleton (D:5)
  8 gnolls
  A howler monkey zombie (D:7)
  5 adders
  A shadow imp (D:7)
  2 white imps
  An ufetubus (D:4)
  3 worms
  4 dart slugs
  14 orcs
  5 ball pythons
  4 endoplasms
  A giant cockroach (D:1)
  7 goblins
  5 hobgoblins
  2 quokkas
  6 bats
  6 frilled lizards
  7 kobolds
  5 rats
110 creatures vanquished.

Vanquished Creatures (collateral kills)
  Duvessa (D:6)
  Dowan (D:6)
  A centaur zombie (D:6)
3 creatures vanquished.

Vanquished Creatures (others)
  A bullfrog (D:7)
1 creature vanquished.

Grand Total: 114 creatures vanquished

Notes
Turn   | Place    | Note
-------+----------+-------------------------------------------
     0 | D:1      | HallandMoats the Ghoul Hunter began the quest for the Orb.
     0 | D:1      | Reached XP level 1. HP: 17/17 MP: 0/0
   283 | D:1      | Reached XP level 2. HP: 25/25 MP: 1/1
   872 | D:2      | Reached skill level 4 in Slings
   872 | D:2      | Reached XP level 3. HP: 30/30 MP: 2/2
   881 | D:2      | Found a faded altar of an unknown god.
   918 | D:2      | Reached skill level 1 in Armour
   934 | D:2      | Prayed at the altar of an unknown god.
   934 | D:2      | Became a worshipper of Dithmenos the Shadowed
   934 | D:2      | Reached * piety under Dithmenos
   967 | D:2      | Reached XP level 4. HP: 36/37 MP: 3/3
  1315 | D:2      | Reached XP level 5. HP: 45/45 MP: 4/4
  1592 | D:3      | Reached ** piety under Dithmenos
  2450 | D:4      | Reached skill level 1 in Invocations
  2450 | D:4      | Reached XP level 6. HP: 51/51 MP: 5/5
  2708 | D:4      | Reached skill level 5 in Slings
  2986 | D:4      | You fall into a shaft and drop 1 floor!
  2986 | D:5      | Entered Level 5 of the Dungeon
  3043 | D:5      | Reached XP level 7. HP: 43/58 MP: 4/7
  3454 | D:5      | Found a blossoming altar of Fedhas.
  3648 | D:5      | Found a staircase to the Ecumenical Temple.
  3716 | D:5      | Found a hide-covered altar of Uskayaw.
  3718 | D:5      | Found a stormy altar of Qazlal.
  4015 | D:6      | Noticed Dowan
  4018 | D:6      | Noticed Duvessa
  4028 | D:6      | Killed Duvessa
  4032 | D:6      | Killed Dowan
  4111 | D:6      | Reached XP level 8. HP: 56/67 MP: 7/10
  4249 | D:6      | Reached skill level 6 in Slings
  4386 | D:6      | Found a runed translucent gate.
  4388 | D:6      | Found a runed translucent gate.
  4388 | D:6      | Found a runed translucent gate.
  4389 | D:6      | Noticed backslashecho's ghost (novice HOFi)
  4416 | D:6      | Reached *** piety under Dithmenos
  4700 | D:7      | Found a snail-covered altar of Cheibriados.
  4747 | D:7      | Found Iraj's Book Shop.
  4937 | D:7      | Found an iron altar of Okawaru.
  5133 | D:7      | Noticed a gargoyle
  5172 | D:7      | Slain by a gargoyle

Illustrated notes

Levels and vault maps discovered:
D:1:      elethiomel_arrival_maze, layout_basic
D:2:      layout_rooms, hellmonk_ecumenical_altar_zigzags,
          minmay_misc_feat_nine_boxes
D:3:      layout_basic
D:4:      layout_rooms, kennysheep_generic_room_4
D:5:      layout_loops_ring, fedhas_altar_4, minitemple,
          minmay_temple_entry_antechambers
D:6:      layout_cave_pools, ebering_ghost_rock_garden,
          hangedman_decor_riveting, uniq_duvessa
D:7:      layout_basic, lemuel_coloured_pillars_altar, kennysheep_slug_shrine,
          kennysheep_okawaru_gauntlet, serial_shops, nicolae_square_shop,
          hangedman_minor_gate_pass

Skill      XL: |  1  2  3  4  5  6  7  8 |
---------------+-------------------------+-----
Dodging        | 2 3 4 |  4.0
Slings         | 4 5 6 |  6.3
Armour         | 1 2 3 |  3.4
Fighting       | 3 4 |  4.8
Invocations    | 1 2 4 |  4.9
Stealth        | |  1.1

Action                   |  1- 3 |  4- 6 |  7- 9 || total
-------------------------+-------+-------+-------++-------
Melee: Short sword       |       |    17 |       ||    17
       Spear             |       |     2 |    44 ||    46
 Fire: Hunting sling     |    55 |   209 |   157 ||   421
  Use: Scroll            |       |       |     3 ||     3
       Potion            |       |       |     3 ||     3
 Stab: Invisible         |       |       |     3 ||     3
Armor: Leather armour    |     1 |       |       ||     1
       Ring mail         |       |    24 |       ||    24
       Scale mail        |       |     1 |    31 ||    32
Dodge: Dodged            |    12 |    69 |    76 ||   157

Table legend: (Time is in decaauts)
 A = Elapsed time spent in this place.
 B = Non-inter-level travel time spent in this place.
 C = Inter-level travel time spent in this place.
 D = Time resting spent in this place.
 E = Time spent auto-exploring this place.
 F = Levels seen in this place.
 G = Mean time per level.
                   A        B        C        D        E       F      G
               +--------+--------+--------+--------+--------+-----+--------+
         Total |   5150 |   4955 |    195 |      0 |   4026 |   7 |  735.7 |
       Dungeon |   5150 |   4955 |    195 |      0 |   4026 |   7 |  735.7 |
               +--------+--------+--------+--------+--------+-----+--------+

Top non-repeatable levels by time:
     D:5: 894 daAuts
     D:1: 845 daAuts
     D:4: 778 daAuts
     D:3: 773 daAuts
     D:2: 700 daAuts
     D:6: 638 daAuts
     D:7: 518 daAuts
